 Dungeon Crawl Stone Soup version 0.31-a0-609-g7bf6ffcfed (webtiles) character file.

Game seed: 12832990282911470802

1990 Rohain the Thaumaturge (level 9, -7/55 HPs)
             Began as a Djinni Fire Elementalist on Aug 22, 2023.
             Splashed by a brown ugly thing's acid (11 damage)
             ... on level 6 of the Dungeon.
             The game lasted 00:08:58 (5272 turns).

Rohain the Thaumaturge (Djinni Fire Elementalist)   Turns: 5272, Time: 00:08:59

Health: -7/55      AC: -4    Str:  7    XL:     9   Next: 44%
Gold:   261        EV: 12    Int: 24    God:
                   SH:  0    Dex: 15

rFire   + + +        p - +1 dagger of Acsistrae {freeze, Int+4}
rCold   x x .        (no shield)
rNeg    . . .        a - +1 robe
rPois   ∞            (no helmet)
rElec   .            (no cloak)
rCorr   .            h - +0 pair of gloves
SInv    .            (boots unavailable)
Will    .....        f - amulet of regeneration
Stlth   ++           n - ring of fire
HPRegen 1.09/turn    (no ring)
MPRegen 0.00/turn

%: infuse magic (-8 HP)
@: corroded, flying
A: sickness immunity, fire resistance 2, cold vulnerability 1, float, innate
caster, HP casting, extra vitality 1
a: no special abilities


You were on level 6 of the Dungeon.
You visited 1 branch of the dungeon, and saw 6 of its levels.

You collected 261 gold pieces.

Inventory:

Hand Weapons
 k - a +1 dagger of flaming
 p - the +1 dagger of Acsistrae (weapon) {freeze, Int+4}
   (You found it on level 3 of the Dungeon)

   Int+4:     It affects your intelligence (+4).
Armour
 a - a +1 robe (worn)
 h - a +0 pair of gloves (worn)
Magical Staves
 o - a staff of air
Jewellery
 b - a ring of resist corrosion
 f - an amulet of regeneration (around neck)
 n - a ring of fire (left hand)
 v - a +6 ring of dexterity
Talismans
 i - a blade talisman
Wands
 j - a wand of flame (9)
Scrolls
 d - 2 scrolls of enchant armour
 l - a scroll of teleportation
 t - 3 scrolls of poison
Potions
 c - a potion of berserk rage {unknown}
 e - a potion of cancellation {unknown}
 g - 2 potions of haste
 m - a potion of might {unknown}
 q - a potion of lignification {unknown}
 r - a potion of attraction {unknown}
 s - a potion of invisibility {unknown}
 u - 3 potions of curing
 w - a potion of brilliance {unknown}


   Skills:
 - Level 2.1 Dodging
 - Level 1.5 Stealth
 + Level 9.3 Spellcasting
 + Level 9.3 Conjurations
 + Level 9.3 Hexes
   Level 0.0 Charms
 + Level 9.3 Summonings
 + Level 9.3 Necromancy
 + Level 9.3 Translocations
 + Level 9.3 Transmutations
 + Level 9.3 Fire Magic
 + Level 9.3 Ice Magic
 + Level 9.3 Air Magic
 + Level 9.3 Earth Magic
 + Level 9.3 Poison Magic


You knew the following spells:

 Your Spells              Type           Power      Damage    Failure   Level
a - Foxfire               Conj/Fire      100%       2x1d9     1%          1
b - Scorch                Fire           100%       2d9       1%          2
c - Volatile Blastmotes   Fire/Tloc      100%       2d18      1%          3
d - Inner Flame           Hex/Fire       71%        N/A       1%          3
e - Flame Wave            Conj/Fire      71%        2d16      1%          4
f - Freeze                Ice            100%       1d10      1%          1
g - Wereblood             Tmut           54%        N/A       1%          2
h - Gell's Gravitas       Tloc           54%        N/A       1%          3
i - Summon Lightning Spi  Summ/Air       54%        N/A       1%          4
Your spell library was empty.

Dungeon Overview and Level Annotations

Branches:
Dungeon (6/15)
 Temple: D:4-7

Altars:
Dithmenos
Elyvilon
Gozag

Annotations:
D:3 1 runed translucent door, Crazy Yiuf
D:4 3 runed translucent doors, webuiltaworld's ghost, novice GnFi
D:6 5 runed translucent doors, RepHenryClay's ghost, amateur DsGl


Innate Abilities, Weirdness & Mutations

You are immune to sickness and miasma.
You are immune to poison.
Your flesh is very heat resistant. (rF++)
You are vulnerable to cold. (rC-)
You float through the air rather than walking.
You learn spells naturally, not from books.
Your magical power is your life essence.
You have superior vitality. (+4 MHP)


Message History

The brown ugly thing is moderately wounded.
The brown ugly thing claws you! The acid corrodes you!
You are splashed with acid!
Your lightning spire shoots out a bolt of lightning at the brown ugly thing!
The bolt of electricity hits the brown ugly thing!
Casting: Scorch (safe; 1% risk of failure)
Confirm with . or Enter, or press ? or * to list all spells.
Okay, then.
The brown ugly thing claws your lightning spire.
Your lightning spire is splashed with acid.
The acid corrodes your lightning spire!
The brown ugly thing barely misses your lightning spire.
Casting: Scorch (safe; 1% risk of failure)
Confirm with . or Enter, or press ? or * to list all spells.
You feel a surge of power!
Flames lash the brown ugly thing.
The brown ugly thing is burned terribly!
The brown ugly thing is severely wounded.
Casting: Scorch (safe; 1% risk of failure)
Confirm with . or Enter, or press ? or * to list all spells.
Okay, then.
Casting: Scorch (safe; 1% risk of failure)
Confirm with . or Enter, or press ? or * to list all spells.
Aiming: Gell's Gravitas (safe; 1% risk of failure)
Press: ? - help, Dir - move target Gravity reorients around empty space.
Casting: Gell's Gravitas (safe; 1% risk of failure)
Confirm with . or Enter, or press ? or * to list all spells.
Aiming: Gell's Gravitas (safe; 1% risk of failure)
Press: ? - help, Dir - move target Gravity reorients around empty space.
Your lightning spire shoots out a bolt of lightning at the brown ugly thing!
The bolt of electricity hits the brown ugly thing!
Casting: Gell's Gravitas (safe; 1% risk of failure)
Confirm with . or Enter, or press ? or * to list all spells.
You feel a surge of power!
Flames lash the brown ugly thing but do no damage.
The brown ugly thing claws you!
* * * LOW HITPOINT WARNING * * *
The acid corrodes you!
You are splashed with acid!
You die...

.# #......##........#......##.#
.####......''........'..........
....'......##........#..........
..###......##........#..........
..# #......##........##.........
>## #......############.........
.# ######## #......... .#
############ #.....##+# .#
##.........@# #.....# .#
#..######..u# #.....# .#
.#####.##...O##..# ####.....##.#
..#....# ##.#..###...........#
#.'....# #.##).8.............#
###....# ##)'.##++##.........#
#....# #####8B.8##........+
#....## #8....8#........#
###.....# #(....[#........#


You could see a brown ugly thing (combustible, ally target) and a friendly
lightning spire (summoned, corroded).

Vanquished Creatures
  A manticore (D:6)
  Sigmund (D:6)
  A water moccasin (D:5)
  2 black bears
  4 ogres
  Blork the orc (D:5)
  A scorpion (D:4)
  A gnoll sergeant (D:6)
  2 orc priests
  4 hounds
  2 iguanas
  2 orc wizards
  Ijyb (D:3)
  Terence (D:3)
  Natasha (thrice) (D:2)
  A sleepcap (D:6)
  Robin (D:3)
  3 gnolls (D:3)
  3 adders (D:2)
  A shadow imp (D:6)
  A white imp (D:6)
  3 worms
  24 orcs
  3 bats
  7 endoplasms
  4 giant cockroaches
  17 goblins
  19 hobgoblins
  6 jackals
  7 quokkas
  6 ball pythons
  A frilled lizard (D:2)
  9 kobolds
  4 rats
147 creatures vanquished.

Vanquished Creatures (others)
  449 foxfires
449 creatures vanquished.

Grand Total: 596 creatures vanquished

Notes
Turn   | Place    | Note
-------+----------+-------------------------------------------
     0 | D:1      | Rohain the Djinni Fire Elementalist began the quest for the
                  | Orb.
     0 | D:1      | Rohain set off with the following spells memorised:
                  | Foxfire, Scorch, Volatile Blastmotes, Inner Flame, Flame
                  | Wave.
     0 | D:1      | Reached XP level 1. HP: 15/15 MP: 0/0
    76 | D:1      | Reached XP level 2. HP: 17/21 MP: 0/0
   405 | D:1      | Reached XP level 3. HP: 24/25 MP: 0/0
   405 | D:1      | Learned a level 1 spell: Freeze
   645 | D:1      | Found a faded altar of an unknown god.
  1086 | D:2      | Reached XP level 4. HP: 28/31 MP: 0/0
  1275 | D:2      | Noticed Natasha
  1277 | D:2      | Killed Natasha
  1278 | D:2      | Reached XP level 5. HP: 30/35 MP: 0/0
  1278 | D:2      | Learned a level 2 spell: Wereblood
  1338 | D:2      | Identified the +5 falchion "Poyraebb" {freeze, Will+ Dex+2
                  | Stlth-}
  1423 | D:2      | Noticed Natasha
  1427 | D:2      | Killed Natasha
  1542 | D:3      | Noticed Robin
  1550 | D:3      | Killed Robin
  1658 | D:3      | Found an opulent altar of Gozag.
  1740 | D:2      | Noticed Natasha
  1747 | D:2      | Killed Natasha
  1748 | D:2      | Reached skill level 5 in Spellcasting
  1748 | D:2      | Reached skill level 5 in Conjurations
  1748 | D:2      | Reached skill level 5 in Hexes
  1748 | D:2      | Reached skill level 5 in Summonings
  1748 | D:2      | Reached skill level 5 in Necromancy
  1748 | D:2      | Reached skill level 5 in Translocations
  1748 | D:2      | Reached skill level 5 in Transmutations
  1748 | D:2      | Reached skill level 5 in Fire Magic
  1748 | D:2      | Reached skill level 5 in Ice Magic
  1748 | D:2      | Reached skill level 5 in Air Magic
  1748 | D:2      | Reached skill level 5 in Earth Magic
  1748 | D:2      | Reached skill level 5 in Poison Magic
  1778 | D:3      | Reached XP level 6. HP: 25/40 MP: 0/0
  2667 | D:3      | Noticed Terence
  2670 | D:3      | Killed Terence
  2671 | D:3      | Noticed Ijyb
  2680 | D:3      | Killed Ijyb
  2735 | D:3      | Identified the +1 dagger of Acsistrae {freeze, Int+4}
  3112 | D:3      | Found a runed translucent door.
  3113 | D:3      | Noticed Crazy Yiuf
  3158 | D:4      | Found a runed translucent gate.
  3159 | D:4      | Found a runed translucent gate.
  3161 | D:4      | Found a runed translucent gate.
  3164 | D:4      | Noticed webuiltaworld's ghost (novice GnFi)
  3351 | D:4      | Noticed a black bear
  3362 | D:4      | Killed a black bear
  3363 | D:4      | Reached XP level 7. HP: 37/45 MP: 0/0
  3363 | D:4      | Learned a level 3 spell: Gell's Gravitas
  3445 | D:4      | Found a shadowy altar of Dithmenos.
  3483 | D:4      | Found a white marble altar of Elyvilon.
  3785 | D:5      | Entered Level 5 of the Dungeon
  3836 | D:5      | Noticed a water moccasin
  3842 | D:5      | Killed a water moccasin
  3957 | D:5      | Noticed Blork the orc
  3961 | D:5      | Killed Blork the orc
  3962 | D:5      | Reached XP level 8. HP: 49/50 MP: 0/0
  4738 | D:6      | Found a large runed translucent door.
  4738 | D:6      | Found a large runed translucent door.
  4741 | D:6      | Noticed a boulder beetle
  4742 | D:6      | Noticed a boulder beetle
  4786 | D:6      | Noticed a manticore
  4789 | D:6      | Killed a manticore
  4790 | D:6      | Reached XP level 9. HP: 20/55 MP: 0/0
  4790 | D:6      | Learned a level 4 spell: Summon Lightning Spire
  4949 | D:6      | Found a large runed translucent door.
  4949 | D:6      | Found a large runed translucent door.
  5029 | D:6      | Noticed Sigmund
  5046 | D:6      | Killed Sigmund
  5143 | D:6      | Found a runed translucent door.
  5144 | D:6      | Noticed RepHenryClay's ghost (amateur DsGl)
  5261 | D:6      | Noticed a brown ugly thing
  5272 | D:6      | Splashed by a brown ugly thing's acid

Illustrated notes

Levels and vault maps discovered:
D:1:      ebering_hopf_link, layout_loops_cross,
          shapermc_ecumenical_altar_pompeii
D:2:      kennysheep_the_goblin_king, layout_basic, uniq_natasha
D:3:      layout_loops_ring, nicolae_gozag_cash_rules_everything_around_me,
          serial_co_window_serial, co_window_corner_a, co_window_paths_a,
          co_window_paths_a, co_window_paths_a, co_window_of_opportunity_a,
          co_window_broadway_b, co_window_broadway_c, co_window_2corner,
          co_window_corner_cb, co_window_unsneaky_path_c, co_window_4corner_a,
          glass_columns_a, minivault_25, uniq_crazy_yiuf_cottage, uniq_terence,
          uniq_robin, uniq_ijyb
D:4:      layout_cave_pools, mainiacjoe_overflow_brackets, kennysheep_mini_moat,
          ebering_ghost_rock_garden
D:5:      layout_basic, hangedman_decor_push, minmay_misc_feat_five,
          uniq_blork_the_orc
D:6:      layout_basic, gammafunk_ghost_grave, minmay_hollow_rounded_squares,
          uniq_sigmund

Skill      XL: |  1  2  3  4  5  6  7  8  9 |
---------------+----------------------------+-----
Spellcasting   | 4 5 6 8 9 |  9.3
Conjurations   | 4 5 6 8 9 |  9.3
Hexes          | 4 5 6 8 9 |  9.3
Summonings     | 4 5 6 8 9 |  9.3
Necromancy     | 4 5 6 8 9 |  9.3
Translocations | 4 5 6 8 9 |  9.3
Transmutations | 4 5 6 8 9 |  9.3
Fire Magic     | 4 5 6 8 9 |  9.3
Ice Magic      | 4 5 6 8 9 |  9.3
Air Magic      | 4 5 6 8 9 |  9.3
Earth Magic    | 4 5 6 8 9 |  9.3
Poison Magic   | 4 5 6 8 9 |  9.3
Dodging        | |  2.1
Stealth        | |  1.5

Action                     |  1- 3 |  4- 6 |  7- 9 || total
---------------------------+-------+-------+-------++-------
  Melee: Unarmed           |     1 |       |       ||     1
         Dagger            |       |     7 |     3 ||    10
   Cast: Foxfire           |    67 |   140 |    70 ||   277
         Scorch            |     8 |    26 |    45 ||    79
         Freeze            |     2 |       |     1 ||     3
         Wereblood         |       |     2 |       ||     2
         Gell's Gravitas   |       |       |     5 ||     5
         Flame Wave        |       |       |     1 ||     1
         Summon Lightning  |       |       |     1 ||     1
    Use: Scroll            |       |     8 |     5 ||    13
 Armour: Robe              |     3 |     2 |     5 ||    10
  Dodge: Dodged            |     5 |    13 |    20 ||    38

Table legend: (Time is in decaauts)
 A = Elapsed time spent in this place.
 B = Non-inter-level travel time spent in this place.
 C = Inter-level travel time spent in this place.
 D = Time resting spent in this place.
 E = Time spent auto-exploring this place.
 F = Levels seen in this place.
 G = Mean time per level.
                   A        B        C        D        E       F      G
               +--------+--------+--------+--------+--------+-----+--------+
         Total |   5270 |   5142 |    128 |    688 |   3545 |   6 |  878.3 |
       Dungeon |   5270 |   5142 |    128 |    688 |   3545 |   6 |  878.3 |
               +--------+--------+--------+--------+--------+-----+--------+

Top non-repeatable levels by time:
     D:3: 1557 daAuts
     D:1: 929 daAuts
     D:5: 784 daAuts
     D:6: 701 daAuts
     D:2: 659 daAuts
     D:4: 637 daAuts
